 Dungeon Crawl Stone Soup version 0.28-a0-407-g69098e2f6d (webtiles) character file.

Game seed: 7743129720194485885

243773 avis the Warrior (level 19, -3/143 HPs)
             Began as an Octopode Transmuter on Sept 4, 2021.
             Was an Initiate of Gozag.
             Shot with a sling bullet by a satyr (4 damage)
             ... on level 4 of the Shoals on Sept 6, 2021.
             The game lasted 06:19:58 (42821 turns).

avis the Warrior (Octopode Transmuter)             Turns: 42821, Time: 06:20:01

Health: -3/143     AC:  7    Str: 17    XL:     19   Next: 42%
Magic:  30/45      EV: 17    Int: 40    God:    Gozag
Gold:   2333       SH:  5    Dex: 12    Spells: 5/44 levels left

rFire   + . .      SeeInvis .   c - +8 falchion of Superiority {freeze, Fragile rElec Int+10}
rCold   + . .      Faith    .   u - +0 buckler {rC+}
rNeg    . . .      Spirit   .   p - +2 hat
rPois   .          Reflect  .   L - amulet of magic regeneration
rElec   +          Harm     .   w - +4 ring of slaying
rCorr   .          Rampage  .   H - +4 ring of slaying
Will    +....                   s - ring of magical power
Stlth   ++++++++..              y - ring of protection from fire
HPRegen 0.33/turn               E - ring of Mol Wung {Wiz +Blink rC- Int+6}
MPRegen 0.54/turn               J - ring "Udoralar" {rC+ Str+2}
                                O - +4 ring of protection
                                R - +6 ring of intelligence

@: afraid, gold aura, very slightly contaminated, studying Bows
A: almost no armour, amphibious, 8 rings, camouflage 1, gelatinous body 1,
nimble swimmer 1, tentacles
}: 2/15 runes: serpentine, barnacled
a: Renounce Religion, Evoke Blink, Potion Petition, Call Merchant, Bribe Branch


You were on level 4 of the Shoals.
You worshipped Gozag.
Gozag was most pleased with you.
You visited 5 branches of the dungeon, and saw 30 of its levels.
You also visited: Gauntlet and Ice Cave.

You collected 10233 gold pieces.
You spent 3761 gold pieces at shops.
You paid 4139 gold pieces to Gozag.

Inventory:

Hand Weapons
 c - the +8 falchion of Superiority (weapon) {freeze, Fragile rElec Int+10}
   (You bought it in a shop on level 3 of the Snake Pit)

   It freezes those it strikes, dealing additional cold damage.
   It can also slow down cold-blooded creatures.
   Int:       It affects your intelligence (+10).
   rElec:     It insulates you from electricity.
   Fragile:   It will be destroyed if unequipped.
 N - the +4 war axe of Victory {flame, rElec Dex+3 Stlth+}
   (You found it on level 4 of the Shoals)

   It burns those it strikes, dealing additional fire damage.
   Big, fiery blades are also staple armaments of hydra-hunters.
   Dex:       It affects your dexterity (+3).
   rElec:     It insulates you from electricity.
   Stlth:     It makes you more stealthy.
Missiles
 g - 11 boomerangs
 v - 2 throwing nets
 G - 106 arrows
 I - 115 sling bullets
 P - 128 stones
Armour
 p - a +2 hat (worn)
 u - a +0 buckler of cold resistance (worn)
Jewellery
 f - a ring of see invisible
 s - a ring of magical power (on tentacle)
 w - a +4 ring of slaying (left tentacle)
 y - a ring of protection from fire (on tentacle)
 E - the ring of Mol Wung (on tentacle) {Wiz +Blink rC- Int+6}
   (You found it in an ice cave)

   [ring of wizardry]

   It improves your spell success rate.
   Int:       It affects your intelligence (+6).
   rC:        It makes you vulnerable to cold.
   +Blink:    It lets you blink.
 H - a +4 ring of slaying (right tentacle)
 J - the ring "Udoralar" (on tentacle) {rC+ Str+2}
   (You took it off a minotaur in a Gauntlet)

   [ring of protection from cold]

   Str:       It affects your strength (+2).
   rC:        It protects you from cold.
 L - an amulet of magic regeneration (around mantle)
 O - a +4 ring of protection (on tentacle)
 R - a +6 ring of intelligence (on tentacle)
Wands
 k - a wand of polymorph (25)
 m - a wand of flame (34)
 n - a wand of acid (13)
 C - a wand of charming (14)
 D - a wand of iceblast (53)
 F - a wand of digging (26)
 K - a wand of paralysis (16)
 Q - a wand of mindburst (48)
Scrolls
 b - 3 scrolls of fog
 d - 4 scrolls of blinking
 h - 13 scrolls of teleportation
 x - 3 scrolls of magic mapping
 A - a scroll of holy word {unknown}
 M - 5 scrolls of fear
Potions
 a - 3 potions of cancellation
 e - 15 potions of curing
 i - 8 potions of haste
 j - 5 potions of brilliance
 l - 5 potions of heal wounds
 o - 10 potions of flight
 q - a potion of resistance
 r - 3 potions of invisibility
 t - 3 potions of magic
 z - 4 potions of berserk rage
 T - a potion of ambrosia
 V - 3 potions of might
Miscellaneous
 B - a lightning rod (4/4)


   Skills:
 * Level 16.5 Fighting
 - Level 10.0 Dodging
 - Level 15.0 Stealth
 - Level 4.0 Shields
 * Level 16.5 Unarmed Combat
 - Level 13.0 Spellcasting
 - Level 6.0 Translocations
 - Level 12.0 Transmutations
 - Level 4.0 Ice Magic
 + Level 4.3 Air Magic
 - Level 2.0 Poison Magic
 - Level 5.0 Evocations


You had 5 spell levels left.
You knew the following spells:

 Your Spells              Type           Power      Damage    Failure   Level
a - Beastly Appendage     Tmut           100%       N/A       0%          1
b - Blink                 Tloc           N/A        N/A       1%          2
p - Spider Form           Tmut/Pois      35%        N/A       1%          3
q - Ice Form              Ice/Tmut       74%        N/A       1%          4
r - Irradiate             Conj/Tmut      32%        3d24      1%          5
A - Manifold Assault      Tloc           65%        N/A       1%          5
B - Blade Hands           Tmut           44%        N/A       1%          5
D - Dragon Form           Tmut           44%        N/A       3%          7
S - Storm Form            Tmut/Air       37%        N/A       16%         7

Your spell library contained the following spells:

 Spells                   Type           Power      Damage    Failure   Level
 Wereblood                Tmut           89%        N/A       0%          2
 Freeze                   Ice            100%       1d11      1%          1
 Sandblast                Erth           52%        2d12      1%          1
 Shock                    Conj/Air       100%       1d9       1%          1
 Summon Small Mammal      Summ           100%       N/A       1%          1
 Scorch                   Fire           52%        2d8       1%          2
 Call Canine Familiar     Summ           26%        N/A       1%          3
 Conjure Flame            Conj/Fire      26%        6-21      1%          3
 Frozen Ramparts          Ice            100%       1d12      1%          3
 Gell's Gravitas          Tloc           32%        N/A       1%          3
 Ignite Poison            Fire/Tmut/Pois 59%        N/A       1%          3
 Lesser Beckoning         Tloc           65%        N/A       1%          3
 Portal Projectile        Hex/Tloc       100%       N/A       1%          3
 Stone Arrow              Conj/Erth      52%        3d10      1%          3
 Summon Guardian Golem    Hex/Summ       26%        N/A       1%          3
 Swiftness                Air            57%        N/A       1%          3
 Teleport Other           Tloc           65%        N/A       1%          3
 Airstrike                Air            28%        N/A       1%          4
 Hailstorm                Conj/Ice       42%        3d10      2%          4
 Summon Ice Beast         Ice/Summ       42%        N/A       2%          4
 Summon Forest            Summ/Tloc      25%        N/A       4%          5
 Flame Wave               Conj/Fire      26%        3d6       5%          4
 Leda's Liquefaction      Hex/Erth       13%        N/A       5%          4
 Sticky Flame             Conj/Fire      26%        2d5       5%          4
 Silence                  Hex/Air        21%        N/A       6%          5
 Borgnjor's Vile Clutch   Necr/Erth      13%        N/A       14%         5
 Fireball                 Conj/Fire      13%        3d7       14%         5
 Summon Mana Viper        Hex/Summ       26%        N/A       14%         5
 Statue Form              Tmut/Erth      43%        N/A       7%          6
 Invisibility             Hex            13%        N/A       58%         6
 Summon Cactus Giant      Summ           13%        N/A       58%         6
 Chain Lightning          Conj/Air       21%        3d28      100%        9
 Fire Storm               Conj/Fire      13%        8d3       100%        9
 Shatter                  Erth           13%        3d13*     100%        9


Dungeon Overview and Level Annotations

Branches:
Dungeon (15/15)            Temple (1/1) D:5            Lair (6/6) D:11
 Shoals (4/4) Lair:2        Snake (4/4) Lair:3        Slime (0/5) Lair:5
    Orc (0/2) D:9          Vaults (0/5) D:14         Depths (0/5) D:15
  IceCv (visited)         Gauntlet (visited)

Altars:
Ashenzari
Cheibriados
Dithmenos
Elyvilon
Fedhas
Gozag
Hepliaklqana
Kikubaaqudgha
Makhleb
Nemelex Xobeh
Okawaru
Qazlal
Ru
Sif Muna
Trog
Uskayaw
Vehumet
Wu Jian
Xom
Yredelemnul
Zin
The Shining One
Jiyva
Lugonu

Shops:
Shoals:1 :?   Shoals:2 !   Snake:3 (   Snake:4 ??[


Innate Abilities, Weirdness & Mutations

You cannot wear most types of armour.
You are amphibious.
You can wear up to eight rings at the same time.
Your skin changes colour to match your surroundings (Stealth+).
Your rubbery body absorbs attacks. (AC +1, EV +1)
You are camouflaged near water. (Stealth+)
You have tentacles for arms and can constrict up to eight enemies at once.


Message History

The satyr shoots a sling bullet.
The sling bullet hits you! The sling bullet freezes you!
Items here: $ ( )).
The satyr plays a lulling melody on his pipes!
You fall asleep.
The satyr plays a frightful melody on his pipes!
The satyr radiates an aura of fear!
You easily resist.
Your transformation has ended.
The +8 falchion of Superiority {freeze, Fragile rElec Int+10} unmelds from your body.
Your +2 hat unmelds from your body.
Your +0 buckler of cold resistance unmelds from your body.
The +8 falchion of Superiority {freeze, Fragile rElec Int+10} glows with a cold blue light!
You feel resistant to cold.
Floosh!
The satyr shoots a sling bullet.
The sling bullet hits you!!
You wake up.
Casting: Manifold Assault (mildly dangerous; 1% risk of failure)
Confirm with . or Enter, or press ? or * to list all spells.
You miscast Dragon Form.
You are very lightly contaminated with residual magic.
Multicoloured lights dance before your eyes.
The satyr plays a frightful melody on his pipes!
The satyr radiates an aura of fear!
You are terrified of the satyr!
Casting: Dragon Form (dangerous; 3% risk of failure)
Confirm with . or Enter, or press ? or * to list all spells.
Space momentarily warps into an impossible shape!
You slash the satyr! You freeze the satyr.
The satyr shoots a sling bullet.
The sling bullet hits you!!!
* * * LOW HITPOINT WARNING * * *
The sling bullet freezes you!
* * * LOW HITPOINT WARNING * * *
Casting: Manifold Assault (mildly dangerous; 1% risk of failure)
Confirm with . or Enter, or press ? or * to list all spells.
Space momentarily warps into an impossible shape!
You slash the satyr! You freeze the satyr.
The satyr shoots a sling bullet.
The sling bullet hits you!!
* * * LOW HITPOINT WARNING * * *
The sling bullet freezes you.
You die...
Your body crumbles into a pile of gold.

.#≈........#.≈##≈.#≈≈≈≈≈≈≈≈
.)..(...........#^.#≈≈≈≈≈≈≈
.#...#...≈......#≈.#≈≈≈≈≈≈
.#8..#≈......#..##.##≈≈≈≈
.#...#.....# ##...≈..≈≈≈≈
##...# ...## ##.##.##≈
.#.≈"# .... #.≈...# .#...#
. ####$##.# #....# .≈≈
#≈≈@$≈# .#..8##..# #≈≈≈≈≈#
.........# #.≈≈#'#≈≈≈..≈≈
.........#≈≈#≈##c#.≈..#≈≈
........##≈≈≈≈#...#≈≈##
##...######≈≈##... #≈#
....8.....#.≈#.... ≈#
..).........≈#..$.. ##
........).# ....


You could see a satyr (scary).

Vanquished Creatures
  Vashnia (Snake:2)
  Nikola (Shoals:2)
  Rupert (D:13)
  2 krakens (Shoals:3)
  3 sphinxes (Shoals:4)
  7 nagarajas (Snake:4)
  Roxanne (Shoals:1)
  Donald (Shoals:2)
  The ghost of Xayl the Thaumaturge, a journeyman GnWz of Sif Muna (Snake:1)
  An ironbound preserver (D:14)
  A reaper (IceCv)
  Nessos (D:13)
  2 minotaurs
  2 merfolk javelineers
  2 merfolk impalers
  A fire dragon (Lair:6)
  Erolcha (D:9)
  3 boulder beetles
  12 hydras
  10 naga warriors
  7 two-headed ogres
  An ogre mage (D:15)
  A merfolk avatar (Shoals:2)
  6 centaur warriors
  5 merfolk aquamancers
  19 anacondas
  Urug (Lair:3)
  14 satyrs
  3 tengu warriors
  7 shock serpents
  14 naga sharpshooters
  3 sixfirhies (Gauntlet)
  2 salamander mystics (Snake:4)
  5 skeletal warriors
  5 naga ritualists
  25 sea snakes
  A swamp dragon (shapeshifter) (D:12)
  Pikel (D:6)
  11 harpies
  10 mana vipers
  A lindwurm (Lair:6)
  A deep elf pyromancer (D:14)
  3 oklob plants
  12 ugly things
  23 fauns
  5 salamanders
  5 cyclopes
  23 manticores
  3 elephants (Lair:6)
  6 guardian serpents
  38 black mambas
  3 molten gargoyles (Lair:6)
  6 merfolk sirens
  2 ice statues (IceCv)
  9 naga magi
  5 water nymphs
  A gargoyle (D:12)
  22 cane toads
  14 komodo dragons
  An unseen horror (D:12)
  Psyche (D:9)
  An efreet (D:14)
  9 rime drakes
  A kobold demonologist (D:12)
  7 ice devils
  2 harpy zombies (Shoals:1)
  An anaconda simulacrum (IceCv)
  A freezing wraith (D:14)
  14 merfolk
  4 wind drakes
  4 trolls
  2 polar bears
  A hornet (Lair:1)
  13 slime creatures
  21 blink frogs
  A dream sheep (shapeshifter) (D:15)
  10 snapping turtles
  11 dream sheep
  2 spectral black mambas (Snake:1)
  A shock serpent simulacrum (Snake:1)
  A spriggan (shapeshifter) (D:14)
  A shadow (D:10)
  A wraith (D:12)
  15 wyverns
  Sigmund (D:5)
  9 basilisks
  A vampire (D:14)
  43 yaks
  A dire elephant simulacrum (IceCv)
  19 water elementals
  15 vampire mosquitoes
  3 steam dragons
  Menkaure (D:6)
  29 nagas
  A harpy simulacrum (IceCv)
  3 acid dragons
  4 hell hounds (Lair:6)
  14 water moccasins
  A spectral naga (Snake:1)
  3 orc warriors
  3 sky beasts
  A black bear (D:7)
  4 manticore zombies (Shoals:1)
  4 boggarts (D:15)
  A necrophage (D:7)
  A black mamba simulacrum (Snake:1)
  4 ogres
  A wolf (Lair:2)
  12 centaurs
  Blork the orc (D:4)
  A kobold brigand (D:8)
  11 bullfrogs
  A two-headed ogre simulacrum (IceCv)
  2 salamander simulacra (Snake:1)
  6 scorpions
  An elephant simulacrum (IceCv)
  A jelly (D:4)
  A killer bee (D:4)
  4 electric eels
  A vampire bat (Lair:3)
  4 centaur zombies
  5 lava snakes (Lair:6)
  3 hounds
  5 orc priests
  A gnoll shaman (D:7)
  3 iguanas
  Jessica (D:3)
  A bullfrog skeleton (D:5)
  12 orc wizards
  3 hell rats (Lair:4)
  5 polar bear simulacra (IceCv)
  4 spriggan simulacra (IceCv)
  2 troll simulacra (IceCv)
  A killer bee zombie (D:9)
  A hound zombie (D:5)
  A howler monkey skeleton (D:5)
  7 gnolls
  6 naga simulacra
  9 adders
  A shadow imp (D:4)
  8 white imps
  5 ufetubi
  An adder zombie (D:5)
  6 worms
  An adder skeleton (D:4)
  4 dart slugs
  32 orcs
  A bat zombie (Shoals:1)
  6 endoplasms
  5 giant cockroaches
  15 hobgoblins
  5 quokkas
  4 ball pythons
  11 bats
  3 frilled lizards
  15 goblins
  15 kobolds
  8 rats
  2 tentacles (Shoals:3)
934 creatures vanquished.

Vanquished Creatures (others)
  A salamander mystic (Snake:4)
  An ugly thing (D:14)
  17 fungi
  55 plants
  6 tentacles (Shoals:3)
80 creatures vanquished.

Grand Total: 1014 creatures vanquished

Notes
Turn   | Place    | Note
-------+----------+-------------------------------------------
     0 | D:1      | avis the Octopode Transmuter began the quest for the Orb.
     0 | D:1      | Reached XP level 1. HP: 13/13 MP: 3/3
   500 | D:1      | Reached XP level 2. HP: 9/19 MP: 3/5
  1430 | D:1      | Reached XP level 3. HP: 19/26 MP: 4/6
  1513 | D:1      | Learned a level 3 spell: Spider Form
  1555 | D:1      | Reached skill level 1 in Poison Magic
  1887 | D:2      | Reached skill level 1 in Stealth
  1932 | D:2      | Reached XP level 4. HP: 29/31 MP: 5/7
  2116 | D:2      | Found a faded altar of an unknown god.
  3106 | D:3      | Reached XP level 5. HP: 20/36 MP: 4/8
  3551 | D:3      | Learned a level 4 spell: Ice Form
  4293 | D:3      | Noticed Jessica
  4307 | D:3      | Killed Jessica
  4308 | D:3      | Reached XP level 6. HP: 39/42 MP: 7/10
  4417 | D:4      | Noticed a sky beast
  4813 | D:4      | Found a bloodstained altar of Trog.
  5179 | D:4      | Killed a sky beast
  5180 | D:4      | Reached XP level 7. HP: 19/48 MP: 6/11
  5631 | D:4      | Reached skill level 5 in Fighting
  6148 | D:4      | Noticed Blork the orc
  6159 | D:4      | Killed Blork the orc
  6160 | D:4      | Reached skill level 5 in Stealth
  6348 | D:4      | Found a shimmering blue altar of Sif Muna.
  6702 | D:5      | Entered Level 5 of the Dungeon
  7121 | D:5      | Reached skill level 5 in Unarmed Combat
  7121 | D:5      | Reached XP level 8. HP: 44/55 MP: 10/12
  7593 | D:5      | Noticed Sigmund
  7724 | D:5      | Killed Sigmund
  7725 | D:5      | Reached skill level 5 in Dodging
  7758 | D:5      | Found a staircase to the Ecumenical Temple.
  7771 | Temple   | Entered the Ecumenical Temple
  7895 | Temple   | Became a worshipper of Gozag Ym Sagoz the Greedy
  8473 | D:6      | Reached XP level 9. HP: 58/62 MP: 13/13
  8536 | D:6      | You fall into a shaft and drop 1 floor!
  8715 | D:7      | You fall into a shaft and drop 1 floor!
  9046 | D:6      | Noticed Menkaure
  9065 | D:6      | Killed Menkaure
  9324 | D:6      | Noticed Pikel
  9335 | D:6      | Killed Pikel
  9668 | D:7      | Found a shadowy altar of Dithmenos.
  9935 | D:7      | Reached skill level 5 in Transmutations
 10777 | D:8      | Found a white marble altar of Elyvilon.
 10816 | D:8      | Reached XP level 10. HP: 41/71 MP: 15/15
 10816 | D:8      | Found an ancient bone altar of Kikubaaqudgha.
 11130 | D:8      | Found a snail-covered altar of Cheibriados.
 11204 | D:8      | Found a hazy altar of Hepliaklqana.
 11281 | D:8      | Found an iron altar of Okawaru.
 11656 | D:9      | Noticed a two-headed ogre
 11666 | D:9      | Killed a two-headed ogre
 11723 | D:9      | Noticed Erolcha
 11739 | D:9      | Killed Erolcha
 11869 | D:9      | Noticed a white ugly thing
 11889 | D:9      | Killed a white ugly thing
 12073 | D:9      | Noticed Psyche
 12125 | D:9      | Killed Psyche
 12303 | D:9      | Found a staircase to the Orcish Mines.
 12794 | D:10     | Entered Level 10 of the Dungeon
 12993 | D:10     | Reached XP level 11. HP: 80/80 MP: 17/17
 13049 | D:10     | Noticed a four-headed hydra
 13058 | D:10     | Killed a four-headed hydra
 13263 | D:10     | Reached skill level 10 in Stealth
 13522 | D:10     | Found a broken altar of Ashenzari.
 13522 | D:10     | Found a basalt altar of Yredelemnul.
 13522 | D:10     | Found a hide-covered altar of Uskayaw.
 13675 | D:10     | Found an ornate altar of the Wu Jian Council.
 13731 | D:10     | Found a glowing silver altar of Zin.
 13731 | D:10     | Noticed an angel
 14064 | D:11     | Noticed a two-headed ogre
 14071 | D:11     | Killed a two-headed ogre
 14072 | D:11     | Reached skill level 10 in Fighting
 14175 | D:11     | Found a gate leading to a gauntlet.
 14175 | D:11     | Identified the +3 whip of Ambiguity {protect, rF+ SInv}
 14175 | D:11     | Noticed a centaur warrior
 14188 | D:11     | Killed a centaur warrior
 14211 | Gauntlet | Entered a Gauntlet
 14211 | Gauntlet | Found a transporter.
 14218 | Gauntlet | Found a transporter.
 14220 | Gauntlet | Found a transporter.
 14235 | Gauntlet | Found a transporter.
 14237 | Gauntlet | Found a transporter.
 14241 | Gauntlet | Found a runed translucent door.
 14243 | Gauntlet | Found a runed translucent door.
 14244 | Gauntlet | Noticed a balrug
 14244 | Gauntlet | Found the +3 pair of gauntlets of War {Slay+5}
 14246 | Gauntlet | Found a transporter.
 14262 | Gauntlet | Found a transporter.
 14267 | Gauntlet | Found a transporter.
 14284 | Gauntlet | Noticed an obsidian statue
 14287 | Gauntlet | Found a transporter.
 14294 | Gauntlet | Found a transporter.
 14311 | Gauntlet | Found a runed translucent door.
 14312 | Gauntlet | Noticed a sixfirhy
 14313 | Gauntlet | Found a transporter.
 14313 | Gauntlet | Found a transporter.
 14315 | Gauntlet | Found a runed translucent door.
 14337 | Gauntlet | Noticed a sixfirhy
 14338 | Gauntlet | Noticed a sixfirhy
 14340 | Gauntlet | Found a transporter.
 14344 | Gauntlet | Found a transporter.
 14426 | Gauntlet | Identified the +4 rapier of Ashenzari's Grace {vorpal,
                  | Str-5 Dex+5}
 14457 | Gauntlet | Killed a sixfirhy
 14458 | Gauntlet | Reached skill level 10 in Unarmed Combat
 14518 | Gauntlet | Killed a sixfirhy
 14529 | Gauntlet | Killed a sixfirhy
 14538 | Gauntlet | Identified the ring "Pesch" {Ice *Slow Int+3 Dex+4}
 14582 | Gauntlet | Identified the +7 mace of Springtime {venom, rC+ Will+
                  | Str-4 Int+2}
 14582 | Gauntlet | Identified the ring "Udoralar" {rC+ Str+2}
 14582 | Gauntlet | Noticed a minotaur
 14594 | Gauntlet | Killed a minotaur
 14599 | Gauntlet | Got the Papyrus of the Oath
 14683 | D:11     | Reached XP level 12. HP: 58/89 MP: 18/18
 15067 | D:11     | Noticed a six-headed hydra
 15077 | D:11     | Killed a six-headed hydra
 15156 | D:11     | Found a staircase to the Lair.
 15443 | Lair:1   | Entered Level 1 of the Lair of Beasts
 16961 | Lair:2   | Found a staircase to the Shoals.
 17350 | Lair:2   | Reached XP level 13. HP: 97/97 MP: 19/19
 18065 | Lair:2   | Upgraded the game from 0.28-a0-401-ge240ad9e29 to
                  | 0.28-a0-407-g69098e2f6d
 18175 | Lair:2   | Learned a level 7 spell: Dragon Form
 18181 | Lair:2   | Learned a level 5 spell: Blade Hands
 18314 | Lair:3   | Found a frozen archway.
 18320 | IceCv    | Entered an ice cave
 18677 | IceCv    | Noticed a reaper
 18740 | IceCv    | Killed a reaper
 18753 | IceCv    | Identified the ring of Mol Wung {Wiz +Blink rC- Int+6}
 19390 | Lair:3   | Reached skill level 1 in Shields
 19440 | Lair:3   | Found a staircase to the Snake Pit.
 20017 | Lair:3   | Noticed Urug
 20026 | Lair:3   | Killed Urug
 20626 | Lair:4   | Reached XP level 14. HP: 106/106 MP: 20/20
 21766 | Lair:5   | Reached skill level 10 in Transmutations
 21885 | Lair:5   | Found a staircase to the Slime Pits.
 21885 | Lair:5   | Found a viscous altar of Jiyva.
 22751 | Lair:6   | Entered Level 6 of the Lair of Beasts
 22759 | Lair:6   | Reached skill level 5 in Spellcasting
 23752 | Lair:6   | Found a large runed translucent door.
 23752 | Lair:6   | Found a large runed translucent door.
 24956 | D:12     | Learned a level 2 spell: Blink
 25198 | D:12     | Reached XP level 15. HP: 96/110 MP: 24/27
 25442 | D:12     | Reached skill level 1 in Translocations
 26137 | D:13     | Reached skill level 1 in Evocations
 26333 | D:13     | Noticed Nessos
 26357 | D:13     | Killed Nessos
 26468 | D:13     | Reached skill level 5 in Evocations
 26545 | D:13     | Noticed Rupert
 26553 | D:13     | Killed Rupert
 27619 | D:14     | Found a gate to the Vaults.
 28845 | D:15     | Entered Level 15 of the Dungeon
 29079 | D:15     | Reached XP level 16. HP: 119/119 MP: 23/28
 29417 | D:15     | Found a staircase to the Depths.
 29435 | D:15     | Reached skill level 15 in Stealth
 30088 | Lair:1   | Learned a level 5 spell: Manifold Assault
 30152 | Snake:1  | Entered Level 1 of the Snake Pit
 30425 | Snake:1  | Found the +6 arbalest "Damnation" {damnation}
 30631 | Snake:1  | Reached skill level 15 in Fighting
 30722 | Snake:1  | Found a burning altar of Makhleb.
 30858 | Snake:1  | Identified the +6 great sword of the Secret Teeth {freeze,
                  | rPois rC++ MP+9}
 31350 | Snake:1  | Found a runed translucent gate.
 31351 | Snake:1  | Found a runed translucent gate.
 31352 | Snake:1  | Found a runed translucent gate.
 31355 | Snake:1  | Noticed Xayl's ghost (journeyman GnWz)
 31377 | Snake:1  | Killed Xayl's ghost
 31623 | Snake:1  | Reached skill level 15 in Unarmed Combat
 32380 | Snake:2  | Reached XP level 17. HP: 127/127 MP: 25/29
 32663 | Snake:2  | Noticed Vashnia
 32676 | Snake:2  | Killed Vashnia
 32690 | Snake:2  | Reached skill level 10 in Dodging
 33242 | Lair:1   | Learned a level 5 spell: Irradiate
 33360 | Snake:3  | Found Weamy's Weapon Shoppe.
 33556 | Snake:3  | Found a hazy altar of Hepliaklqana.
 34713 | Snake:3  | Bought the +8 falchion of Superiority {freeze, Fragile
                  | rElec Int+10} for 897 gold pieces
 34720 | Snake:4  | Entered Level 4 of the Snake Pit
 35160 | Snake:4  | Reached skill level 5 in Translocations
 35548 | Snake:4  | Found Igrysam's Magic Scroll Emporium.
 35548 | Snake:4  | Found Jevevaihya's Magic Scroll Shoppe.
 35649 | Snake:4  | Found Seesiphureo's Antique Armour Shop.
 35668 | Snake:4  | Bought a runed buckler for 187 gold pieces
 35792 | Snake:4  | Reached skill level 10 in Spellcasting
 36454 | Snake:4  | Reached XP level 18. HP: 134/134 MP: 12/33
 36675 | Snake:4  | Got a serpentine rune of Zot
 36818 | Snake:4  | Bought 3 scrolls of fear for 199 gold pieces
 36818 | Snake:4  | Bought a scroll of fog for 38 gold pieces
 36818 | Snake:4  | Bought a scroll of identify for 38 gold pieces
 36818 | Snake:4  | Bought a scroll of identify for 38 gold pieces
 36818 | Snake:4  | Bought a scroll of enchant armour for 142 gold pieces
 36824 | Snake:4  | Bought a scroll of teleportation for 51 gold pieces
 36824 | Snake:4  | Bought a scroll of teleportation for 51 gold pieces
 36824 | Snake:4  | Bought a scroll of teleportation for 51 gold pieces
 36824 | Snake:4  | Bought a scroll of magic mapping for 59 gold pieces
 36824 | Snake:4  | Bought a scroll of identify for 34 gold pieces
 36824 | Snake:4  | Bought a scroll of enchant weapon for 127 gold pieces
 36824 | Snake:4  | Bought a scroll of enchant armour for 127 gold pieces
 36824 | Snake:4  | Bought a scroll of amnesia for 59 gold pieces
 36824 | Snake:4  | Bought a scroll of amnesia for 59 gold pieces
 37042 | Shoals:1 | Entered Level 1 of the Shoals
 37132 | Shoals:1 | Found Acoppir's Book Emporium.
 37753 | Shoals:1 | Identified Roxanne's Reference Book on Clay
 37753 | Shoals:1 | Noticed Roxanne
 37772 | Shoals:1 | Found Diergh's Magic Scroll Boutique.
 37905 | Shoals:1 | Killed Roxanne
 38017 | Shoals:1 | Bought a scroll of teleportation for 45 gold pieces
 38017 | Shoals:1 | Bought a scroll of fog for 30 gold pieces
 38017 | Shoals:1 | Bought a scroll of enchant weapon for 112 gold pieces
 38017 | Shoals:1 | Bought a scroll of enchant weapon for 112 gold pieces
 38017 | Shoals:1 | Bought 3 scrolls of enchant weapon for 337 gold pieces
 38017 | Shoals:1 | Bought a scroll of brand weapon for 300 gold pieces
 38017 | Shoals:1 | Bought a scroll of blinking for 112 gold pieces
 38017 | Shoals:1 | Bought a scroll of amnesia for 52 gold pieces
 38231 | Shoals:2 | Found the +13 scythe of Curses {drain, Drain}
 38266 | Shoals:2 | Noticed Donald
 38271 | Shoals:2 | Killed Donald
 38272 | Shoals:2 | Noticed Nikola
 38365 | Shoals:2 | Killed Nikola
 38379 | Shoals:2 | Found Hechey's Distillery.
 39268 | Shoals:2 | Bought a potion of curing for 54 gold pieces
 39268 | Shoals:2 | Bought a potion of invisibility for 144 gold pieces
 39268 | Shoals:2 | Bought a potion of cancellation for 144 gold pieces
 39268 | Shoals:2 | Bought a potion of brilliance for 72 gold pieces
 39268 | Shoals:2 | Bought a potion of berserk rage for 90 gold pieces
 39504 | Shoals:3 | Identified the +1 scale mail "Kugan" {rF+ MP+9 Dex+5}
 39755 | Shoals:3 | Identified the +6 flail of Fedhas's Inspiration {flame,
                  | rF+++ Will- Str-5 Stlth+}
 41306 | Lair:1   | Learned a level 7 spell: Storm Form
 41402 | Shoals:4 | Entered Level 4 of the Shoals
 41646 | Shoals:4 | Reached skill level 1 in Air Magic
 41646 | Shoals:4 | Reached XP level 19. HP: 111/141 MP: 3/36
 42002 | Shoals:4 | Identified the +4 war axe of Victory {flame, rElec Dex+3
                  | Stlth+}
 42580 | Shoals:4 | Got a barnacled rune of Zot
 42821 | Shoals:4 | HP: 1/143 [satyr/sling bullet (18)]
 42821 | Shoals:4 | Shot with a sling bullet by a satyr

Illustrated notes

Levels and vault maps discovered:
D:1:      lightli_arrival_windingriver, layout_basic
D:2:      layout_rooms, shapermc_ecumenical_altar_ellora
D:3:      layout_basic, kennysheep_jessica_study
D:4:      minmay_evil_eye, layout_basic, trog_hazing_becter,
          mainiacjoe_overflow_surrounded_room, minmay_statues_item,
          minmay_manual_mail, uniq_blork_the_orc
D:5:      layout_loops_ring, minmay_temple_entry_enclosed_plants, uniq_sigmund
D:6:      layout_rooms, uniq_pikel, uniq_menkaure
D:7:      layout_loops_ring, grunt_dithmenos_smoke
D:8:      layout_cave_pools, cheibrodos_worm_habitat,
          mainiacjoe_overflow_boulevard, mainiacjoe_overflow_six_doors_small,
          mainiacjoe_overflow_alcove_4, kennysheep_little_box, lightli_minifort
D:9:      layout_roguey, orc_0_dummy, uniq_psyche, uniq_erolcha
D:10:     layout_long_grid, mainiacjoe_overflow_alcove_1,
          gammafunk_temple_overflow_claw, zin_angel, serial_glass,
          glass_columns_b, glass_columns_a, glass_columns_b, glass_columns_c,
          glass_columns_a, glass_columns_a, minmay_strange_pillars,
          kennysheep_generic_room_10
D:11:     layout_roguey, erik_lair_dragon, gauntlet_entry_generic
D:12:     layout_irregular_city
D:13:     layout_rooms, grunt_decor_one_mirror, feat_on_display, uniq_rupert,
          uniq_nessos
D:14:     layout_loops_cross, skrybe_vaults_entry_preservation,
          ebering_dispersal_statue_hall
D:15:     hangedman_depths_entry_try_elsewhere_first, layout_stronghold
Temple:   kb_corrupted_temple
Lair:1:   layout_cellular_growth, chequers_serial_rivers_room_b,
          grunt_megastairs_4, infiniplex_staircase_pool_2
Lair:2:   minmay_lair_oklob_chamber, layout_regular_city,
          minmay_shoals_entry_centaurs, chequers_serial_rivers_micro_a,
          grunt_megastairs_5
Lair:3:   layout_cave_pods, guppyfry_snake_entry_island,
          portal_ice_cave_entry_pillars_1, roderic_batcave, serial_bayou_lake_a,
          uniq_urug
Lair:4:   layout_small_grid, special_room [special_room_mythical_zoo]
Lair:5:   layout_small_grid, slime_altar_1
Lair:6:   cheibrodos_lair_end_hotspot, layout_gridlike,
          infiniplex_staircase_pool
Shoals:1: layout_shoals, serial_shops, shop, shop, nicolae_shoals_undead_eyrie,
          uniq_roxanne
Shoals:2: layout_shoals, nicolae_shoals_c_island, uniq_donald, uniq_nikola
Shoals:3: layout_shoals, nicolae_shoals_water_shrine
Shoals:4: shoals_end_hellmonk_lost_city
Snake:1:  minmay_snake_river, layout_misc_corridors, gammafunk_ghost_necromancy,
          basic_altar
Snake:2:  layout_basic, uniq_vashnia
Snake:3:  layout_cave_pods, basic_altar, serial_shops, shop
Snake:4:  grunt_snake_rune_serpentine_throne, layout_onion_interference,
          serial_shops, nicolae_square_shop, minmay_shoptagon

Skill      XL: |  1  2  3  4  5  6  7  8  9 10 11 12 13 14 15 16 17 18 19 |
---------------+----------------------------------------------------------+-----
Fighting       | 2 3 4 5 6 7 9 10 12 13 14 15 16 | 16.5
Poison Magic   | 2 |  2.0
Stealth        | 1 3 4 5 6 7 9 11 12 13 14 15 | 15.0
Transmutations | 3 5 6 8 11 12 | 12.0
Spellcasting   | 3 4 8 11 13 | 13.0
Unarmed Combat | 4 5 6 7 8 10 12 13 14 15 16 | 16.5
Dodging        | 3 5 8 10 | 10.0
Ice Magic      | 4 |  4.0
Shields        | 4 |  4.0
Translocations | 3 5 6 |  6.0
Evocations     | 5 |  5.0
Air Magic      | 1 4 |  4.3

Action                   |  1- 3 |  4- 6 |  7- 9 | 10-12 | 13-15 | 16-18 | 19-21 || total
-------------------------+-------+-------+-------+-------+-------+-------+-------++-------
Melee: Dagger            |    77 |    14 |       |       |       |       |       ||    91
       Kick              |    15 |     9 |       |       |       |       |       ||    24
       Constrict         |    15 |    15 |     2 |       |    14 |     2 |       ||    48
       Tentacles         |     8 |     7 |     2 |       |    21 |     2 |       ||    40
       Punch             |     3 |     1 |     1 |       |    26 |    28 |     3 ||    62
       Unarmed           |     3 |   104 |   252 |   421 |   585 |   684 |    96 ||  2145
       Short sword       |       |    26 |    10 |       |       |       |       ||    36
       Tailslap          |       |       |       |       |    30 |    37 |     1 ||    68
       Bite              |       |       |       |       |    21 |    25 |     3 ||    49
       Falchion          |       |       |       |       |       |       |     2 ||     2
 Fire: Shortbow          |       |       |    48 |    11 |    22 |       |       ||    81
 Cast: Beastly Appendage |    22 |    18 |     3 |       |       |       |     1 ||    44
       Spider Form       |     1 |    23 |    51 |     8 |       |       |       ||    83
       Ice Form          |       |       |       |    48 |    32 |    13 |       ||    93
       Blade Hands       |       |       |       |       |    24 |     8 |       ||    32
       Dragon Form       |       |       |       |       |    25 |    58 |     9 ||    92
       Manifold Assault  |       |       |       |       |       |   274 |    65 ||   339
       Blink             |       |       |       |       |       |     2 |       ||     2
       Irradiate         |       |       |       |       |       |     4 |       ||     4
       Storm Form        |       |       |       |       |       |     3 |       ||     3
Invok: Potion Petition   |       |       |       |     1 |     1 |     7 |     1 ||    10
 Abil: End Transformatio |       |       |       |       |    11 |     2 |       ||    13
       Breathe Fire      |       |       |       |       |    19 |    10 |     1 ||    30
Evoke: Wand              |       |       |       |       |    15 |       |       ||    15
  Use: Potion            |       |     1 |       |       |     6 |     1 |       ||     8
       Scroll            |       |       |     6 |    12 |    10 |     2 |       ||    30
 Stab: Sleeping          |     9 |     8 |    10 |    12 |    24 |     9 |       ||    72
       Distracted        |       |       |     1 |     4 |     9 |     2 |       ||    16
Armor: Skin              |     3 |     2 |     9 |    61 |   141 |   122 |    12 ||   350
Dodge: Dodged            |    28 |   103 |   234 |   390 |   345 |   164 |    17 ||  1281
Block: Buckler           |       |       |       |       |     2 |       |       ||     2

Table legend: (Time is in decaauts)
 A = Elapsed time spent in this place.
 B = Non-inter-level travel time spent in this place.
 C = Inter-level travel time spent in this place.
 D = Time resting spent in this place.
 E = Time spent auto-exploring this place.
 F = Levels seen in this place.
 G = Mean time per level.
                   A        B        C        D        E       F      G
               +--------+--------+--------+--------+--------+-----+--------+
         Total |  42501 |  35529 |   6972 |   9232 |  11904 |  32 | 1328.2 |
       Dungeon |  20600 |  16720 |   3880 |   4593 |   6342 |  15 | 1373.3 |
        Temple |    208 |    167 |     41 |      0 |     89 |   1 |  208.0 |
          Lair |   9076 |   7015 |   2061 |    611 |   3324 |   6 | 1512.7 |
        Shoals |   5277 |   4996 |    281 |   1809 |    448 |   4 | 1319.2 |
     Snake Pit |   6266 |   5558 |    708 |   1985 |   1701 |   4 | 1566.5 |
      Ice Cave |    636 |    636 |      0 |    139 |      0 |   1 |  636.0 |
      Gauntlet |    435 |    435 |      0 |     94 |      0 |   1 |  435.0 |
               +--------+--------+--------+--------+--------+-----+--------+

Top non-repeatable levels by time:
    D:11: 2381 daAuts
     D:4: 2299 daAuts
  Lair:1: 2297 daAuts
 Snake:3: 2075 daAuts
 Snake:1: 1934 daAuts
     D:5: 1827 daAuts
     D:1: 1758 daAuts
     D:3: 1674 daAuts
Shoals:3: 1657 daAuts
  Lair:6: 1606 daAuts
  Lair:3: 1532 daAuts
  Lair:2: 1458 daAuts
    D:14: 1329 daAuts
Shoals:4: 1327 daAuts
     D:9: 1258 daAuts
